 Dungeon Crawl Stone Soup version 0.21.1-1-g345015f (console) character file.

97 Homage the Sneak (level 4, -3/21 HPs)
             Began as a Spriggan Enchanter on Mar 13, 2018.
             Killed from afar by an orc wizard (6 damage)
             ... with a magic dart
             ... on level 3 of the Dungeon.
             The game lasted 00:08:34 (3502 turns).

Homage the Sneak (Spriggan Enchanter)               Turns: 3502, Time: 00:08:35

Health: -3/21      AC:  2    Str:  4    XL:     4   Next: 42%
Magic:  3/11       EV: 18    Int: 17    God:
Gold:   129        SH:  0    Dex: 16    Spells: 5/11 levels left

rFire    . . .     SeeInvis +   a - +1 dagger
rCold    . . .     Gourm    .   (shield restricted)
rNeg     . . .     Faith    .   b - +0 robe
rPois    .         Spirit   .   (helmet restricted)
rElec    .         Reflect  .   (no cloak)
rCorr    .         Harm     .   (gloves unavailable)
MR       .....                  (boots unavailable)
Stlth    +++.......             (no amulet)
HPRegen  0.07/turn              (no ring)
MPRegen  0.12/turn              (no ring)

@: slowed, quick
A: very small, unfitting armour, see invisible, herbivore, speed 3, slow
metabolism 2
a: no special abilities


You were on level 3 of the Dungeon.
You were hungry.

You visited 1 branch of the dungeon, and saw 3 of its levels.

You collected 129 gold pieces.


Innate Abilities, Weirdness & Mutations

You are very small and have problems with some larger weapons.
You are too small for most types of armour.
You have supernaturally acute eyesight. (SInv)
You are a herbivore.
You cover ground extremely quickly.
You need consume almost no food.


   Skills:
 - Level 1.1 Short Blades
 - Level 3.0 Dodging
 + Level 6.7 Stealth
 - Level 4.0 Spellcasting
 - Level 4.0 Hexes


You had 5 spell levels left.
You knew the following spells:

 Your Spells              Type           Power        Failure   Level  Hunger
a - Confuse               Hex            ###.....     9%          3    ###....
e - Ensorcelled Hibernat  Hex/Ice        ##....       11%         2    ##.....
Z - Corona                Hex            ###....      3%          1    None

Inventory:

Hand Weapons
 a - a +1 dagger (weapon)
Missiles
 e - 26 sling bullets
Armour
 b - a +0 robe (worn)
Scrolls
 f - 2 scrolls of blinking {unknown}
 g - 2 scrolls of teleportation
 i - 3 scrolls of remove curse
 k - a scroll of enchant weapon {unknown}
 l - a scroll of noise {unknown}
Potions
 h - 3 potions of curing {unknown}
 j - a potion of might {unknown}
Books
 c - a book of Maledictions

   Spells                             Type                      Level
   a - Corona                         Hexes                        1
   b - Ensorcelled Hibernation        Hexes/Ice                    2
   c - Confuse                        Hexes                        3
   d - Tukima's Dance                 Hexes                        3
   e - Dazzling Spray                 Conjuration/Hexes            3
Comestibles
 d - a ration


Message History

The orc wizard is moderately wounded.
The orc wizard barely misses you. The orc wizard hits you with a dagger.
You closely miss the orc wizard.
The orc wizard is moderately wounded.
The orc wizard hits you but does no damage.
You hit the orc wizard.
The orc wizard is heavily wounded.
The orc wizard hits you but does no damage.
The orc wizard hits you with a dagger.
* * * LOW HITPOINT WARNING * * *
You hit the orc wizard but do no damage.
The orc wizard is heavily wounded.
The orc wizard hits you with a dagger.
* * * LOW HITPOINT WARNING * * *
You hit the orc wizard.
The orc wizard is severely wounded.
The orc wizard completely misses you.
The orc wizard points at you and mumbles some strange words.
The magic dart hits you!
You die...

.......)....... ####
##########....)....... #..
#<.......+...$........
###.#####.###.####............
#............>................
##..################)######+##
#............................
#.###........................
#...+..)....@.o..............
#####......................[.
#........................
#........................
#........................
#...............######+##
#...............#
#...............# #
#..........##...######..


You could see an orc wizard.

Vanquished Creatures
  4 adders (D:2)
  An ooze (D:2)
  A worm (D:2)
  A dart slug (D:1)
  2 orcs (D:3)
  5 giant cockroaches
  7 hobgoblins
  A quokka (D:2)
  2 ball pythons
  5 bats
  4 frilled lizards
  9 goblins
  2 kobolds (D:2)
  8 rats
52 creatures vanquished.

Notes
Turn   | Place    | Note
-------+----------+-------------------------------------------
     0 | D:1      | Homage the Spriggan Enchanter began the quest for the Orb.
     0 | D:1      | Reached XP level 1. HP: 9/9 MP: 5/5
    29 | D:1      | Reached skill level 3 in Spellcasting
   313 | D:1      | Reached XP level 2. HP: 13/13 MP: 5/7
   342 | D:1      | Learned a level 2 spell: Ensorcelled Hibernation
  1543 | D:2      | Found a shattered altar of Ashenzari.
  1843 | D:2      | Reached XP level 3. HP: 15/16 MP: 1/9
  1929 | D:2      | Found a shattered altar of Ashenzari.
  2588 | D:2      | Reached skill level 5 in Stealth
  3136 | D:2      | Reached skill level 6 in Stealth
  3204 | D:2      | Reached XP level 4. HP: 19/21 MP: 11/11
  3232 | D:2      | Learned a level 3 spell: Confuse
  3495 | D:3      | HP: 3/21 [orc wizard/dagger (2)]
  3502 | D:3      | Killed from afar by an orc wizard

Vault maps used:
D:1:      sevenhm_arrival_forest_fort_small_6, minivault_4, serial_park_tiny_2,
          minivault_19
D:2:      ashenzari_conservatory_becter, nicolae_ashenzari_panopticon
D:3:      grunt_temple_overflow_opulence

Action                   |  1- 3 |  4- 6 || total
-------------------------+-------+-------++-------
Melee: Dagger            |   146 |    31 ||   177
 Cast: Ensorcelled Hiber |    45 |     9 ||    54
  Use: Scroll            |     3 |       ||     3
       Potion            |     1 |       ||     1
 Stab: Sleeping          |    24 |     6 ||    30
  Eat: Ration            |     1 |       ||     1
Armor: Robe              |    13 |     1 ||    14
Dodge: Dodged            |   128 |    22 ||   150
